Avalanche vs Blues

Created - January 16, 2016 at 10:29

Goals
1 2 3 T
Avalanche 0 1 0 1
Blues 2 1 1 4
Shots
1 2 3 T
Avalanche 7 8 7 22
Blues 14 11 12 37

1st period

1. Blues , Marian Hossa 24 (Johnny Boychuk) at 0:44
2. Blues , Rick Nash 24 (Matt Carle, Mike Fisher) at 19:44

Penalties :
Luke Schenn (COL) for Hooking (Minor) at 15:31

2nd period

3. Blues , Michael Raffl 11 (Jussi Jokinen, Jiri Hudler) at 3:27
4. Avalanche , Chris Tierney 1 (Nick Holden, Elias Lindholm) at 19:12

Penalties :
Jesper Fast (COL) for Hooking (Minor) at 14:55

3rd period

5. Blues , Marian Hossa 25 (Matt Carle, Rick Nash) at 11:53

Penalties :
Aaron Ekblad (COL) for Hooking (Minor) at 2:40, Nick Holden (COL) for Tripping (Minor) at 7:31, Evander Kane (COL) for Hooking (Minor) at 8:55, Mike Fisher (STL) for Roughing (Minor) at 16:12

Goalie Stats

Antti Raanta (COL), 33 saves from 37 shots - (0.892), L, 5-11-2, 60:00 minutes
Antti Niemi (STL), 21 saves from 22 shots - (0.955), W, 34-9-2, 60:00 minutes

Players Stats for Avalanche

Player Name              G  A  P  +/- PIM S  H  SB GA TA FO     MP     PP MP  PK MP  
------------------------------------------------------------------------------------
Aaron Ekblad             0  0  0  -2  2   0  2  1  0  0  0/0    21:40   1:17   3:12 
Anthony Duclair          0  0  0   0  0   0  0  0  0  0  0/0     0:00   0:00   0:00 
Chris Tierney            1  0  1   0  0   2  0  0  0  0  4/9     9:47   0:00   0:00 
Derek Stepan             0  0  0  -1  0   2  1  0  0  0  1/4    17:42   1:17   0:13 
Elias Lindholm           0  1  1   0  0   1  1  0  0  0  5/10   18:06   0:42   0:00 
Evander Kane             0  0  0  -2  2   0  4  0  0  0  1/3    19:15   1:17   2:53 
Jason Zucker             0  0  0  -1  0   3  0  0  0  0  0/0    17:29   1:17   0:00 
Jesper Fast              0  0  0   0  2   2  0  0  0  0  0/0     7:36   0:00   0:00 
Joffrey Lupul            0  0  0   0  0   1  2  0  0  0  0/2    11:41   0:00   1:54 
Kevin Shattenkirk        0  0  0  -2  0   1  1  1  0  0  0/0    20:40   1:17   4:34 
Luke Schenn              0  0  0   0  2   0  0  0  0  0  0/0    17:06   0:00   0:00 
Mats Zuccarello          0  0  0  -2  0   3  0  0  0  0  1/2    20:06   0:42   4:19 
Matthew Nieto            0  0  0   0  0   1  0  0  0  0  0/0     7:37   0:00   0:00 
Nick Holden              0  1  1   0  2   0  1  1  0  0  0/0    17:51   0:00   0:45 
Paul Stastny             0  0  0  -2  0   5  0  0  0  0  13/24  20:06   0:42   4:19 
Rickard Rakell           0  0  0  -1  0   1  1  0  0  0  14/28  20:38   0:00   4:26 
Sami Vatanen             0  0  0  -1  0   0  0  1  0  0  0/0    19:50   0:42   4:46 
Tyson Barrie             0  0  0  -1  0   0  1  3  0  0  0/0    22:50   0:42   5:23 

Players Stats for Blues

Player Name              G  A  P  +/- PIM S  H  SB GA TA FO     MP     PP MP  PK MP  
------------------------------------------------------------------------------------
Cal Clutterbuck          0  0  0  -1  0   1  0  0  0  0  0/0     9:04   0:00   0:00 
Carl Gunnarsson          0  0  0   2  0   1  0  1  0  0  0/0    16:46   0:00   0:00 
Clarke MacArthur         0  0  0   0  0   3  0  1  0  0  1/1    13:25   0:00   0:37 
Jay McClement            0  0  0   0  0   1  0  0  0  0  11/17  13:32   0:00   0:44 
Jiri Hudler              0  1  1   1  0   1  0  1  0  0  8/19   16:41   3:54   0:00 
Joakim Andersson         0  0  0  -1  0   0  0  0  0  0  5/8     9:04   0:00   0:00 
Johnny Boychuk           0  1  1   2  0   1  5  0  0  0  0/0    23:35   5:37   1:12 
Jussi Jokinen            0  1  1   1  0   3  0  0  0  0  1/1    12:47   0:00   0:00 
Lee Stempniak            0  0  0   0  0   2  1  0  0  0  0/0    16:42   3:54   0:00 
Marian Hossa             2  0  2   3  0   3  0  0  0  0  2/2    20:50   5:26   1:22 
Matt Carle               0  2  2   2  0   3  1  3  0  0  0/0    22:08   5:37   1:12 
Matt Irwin               0  0  0  -1  0   0  2  1  0  0  0/0    21:06   3:43   0:47 
Michael Raffl            1  0  1   1  0   3  5  0  0  0  1/3    17:56   3:54   1:15 
Mike Fisher              0  1  1   3  2   5  10 0  0  0  13/28  19:27   5:26   0:00 
Mike Weaver              0  0  0  -1  0   1  3  1  0  0  0/0    16:36   0:00   0:00 
Rick Nash                1  1  2   3  0   5  0  0  0  0  1/3    19:28   5:26   0:00 
Rob Klinkhammer          0  0  0  -1  0   3  0  0  0  0  0/0     9:04   0:00   0:00 
Tyson Strachan           0  0  0   2  0   1  3  3  0  0  0/0    19:49   3:43   0:47 

3 Stars

1 - Marian Hossa (STL)
2 - Rick Nash (STL)
3 - Mike Fisher (STL)

Power Play

Avalanche - 0 on 1 Attempt(s) - 0.00%
Blues - 0 on 5 Attempt(s) - 0.00%

Penalty Kill

Avalanche - 5 on 5 Attempt(s) - 100.00% - Score 0 goal in Penalty Kill
Blues - 1 on 1 Attempt(s) - 100.00% - Score 0 goal in Penalty Kill

Team Stat

Avalanche - Hits : 14 - Faceoff Wins : 39 - Blocked Shots : 7 - Penalty Minutes : 10
Blues - Hits : 30 - Faceoff Wins : 43 - Blocked Shots : 11 - Penalty Minutes : 2

Official

Referees : Brad Watson and Chris Lee
Linesman : Anthony Sericolo and Matt MacPherson

Game Notes

No Game Note

Finance

Level 1 -- Attendance: 5940 (91.38%) -- Ticket Income $599,940
Level 2 -- Attendance: 3918 (78.36%) -- Ticket Income $333,030
Level 3 -- Attendance: 3027 (86.49%) -- Ticket Income $181,620
Level 4 -- Attendance: 2847 (90.38%) -- Ticket Income $128,115
Luxury Box -- Attendance: 991 (99.10%) -- Ticket Income $198,200
Game was played at the Scottrade Center.
Total Attendance: 16723 (87.33%)
Total Ticket Income: $1,440,905
Other Income: $216,136
Total Income: $1,657,041

% Time on Ice - Avalanche

Lines # - Real PCT - Wanted PCT - Time Play
Normal Forward
1 - 33% - 35% - 16:12
2 - 31% - 30% - 15:05
3 - 20% - 20% - 9:47
4 - 16% - 15% - 7:37
Normal Defense
1 - 29% - 30% - 14:00
2 - 30% - 30% - 14:22
3 - 35% - 30% - 17:07
4 - 7% - 10% - 3:12
PP Forward
1 - 65% - 50% - 1:17
2 - 35% - 50% - 0:42
PP Defense
1 - 65% - 50% - 1:17
2 - 35% - 50% - 0:42
PK Forward
1 - 51% - 50% - 4:26
2 - 49% - 50% - 4:19
PK Defense
1 - 46% - 50% - 3:59
2 - 54% - 50% - 4:46
PK3 Forward
1 - 0% - 50% - 0:00
2 - 100% - 50% - 0:35
PK3 Defense
1 - 100% - 50% - 0:35
2 - 0% - 50% - 0:00
44 Forward
1 - 0% - 50%
2 - 0% - 50%
44 Defense
1 - 0% - 50%
2 - 0% - 50%
Last Minute Offensive  - 0:00
Last Minute Defensive  - 0:00
Total
Forward - 60:00
Defense - 60:00

% Time on Ice - Blues

Lines # - Real PCT - Wanted PCT - Time Play
Normal Forward
1 - 29% - 32% - 14:02
2 - 26% - 31% - 12:47
3 - 26% - 29% - 12:48
4 - 19% - 8% - 9:04
Normal Defense
1 - 34% - 35% - 16:46
2 - 31% - 33% - 15:19
3 - 34% - 32% - 16:36
4 - 0% - 0% - 0:00
PP Forward
1 - 58% - 60% - 5:26
2 - 42% - 40% - 3:54
PP Defense
1 - 60% - 62% - 5:37
2 - 40% - 38% - 3:43
PK Forward
1 - 37% - 50% - 0:44
2 - 63% - 50% - 1:15
PK Defense
1 - 61% - 51% - 1:12
2 - 39% - 49% - 0:47
PK3 Forward
1 - 0% - 51%
2 - 0% - 49%
PK3 Defense
1 - 0% - 51%
2 - 0% - 49%
44 Forward
1 - 0% - 51%
2 - 0% - 49%
44 Defense
1 - 0% - 51%
2 - 0% - 49%
Last Minute Offensive  - 0:00
Last Minute Defensive  - 0:00
Total
Forward - 60:00
Defense - 60:00

Play by Play

1st period


0:01 of 1st period - Rickard Rakell wins face-off versus Mike Fisher in neutral zone.
0:01 of 1st period - Rickard Rakell is hit by Mike Fisher.
0:10 of 1st period - Icing by Johnny Boychuk.
0:11 of 1st period - Mike Fisher wins face-off versus Paul Stastny in Blues zone.
0:11 of 1st period - Mike Fisher is hit by Evander Kane.
0:30 of 1st period - Paul Stastny is hit by Johnny Boychuk and loses puck.
0:37 of 1st period - Evander Kane is hit by Mike Fisher.
0:42 of 1st period - Johnny Boychuk is hit by Tyson Barrie.
0:44 of 1st period - Shot by Marian Hossa.
0:44 of 1st period - Goal by Marian Hossa - Avalanche : 0 - Blues : 1.
0:45 of 1st period - Jiri Hudler wins face-off versus Chris Tierney in neutral zone.
1:21 of 1st period - Shot by Jussi Jokinen.
1:21 of 1st period - Stopped by Antti Raanta without a rebound.
1:22 of 1st period - Rickard Rakell wins face-off versus Jay McClement in Avalanche zone.
1:37 of 1st period - Shot by Derek Stepan.
1:37 of 1st period - Stopped by Antti Niemi without a rebound.
1:38 of 1st period - Joakim Andersson wins face-off versus Paul Stastny in Blues zone.
2:00 of 1st period - Shot by Cal Clutterbuck.
2:00 of 1st period - Stopped by Antti Raanta with a rebound.
2:43 of 1st period - Off-side.
2:44 of 1st period - Elias Lindholm wins face-off versus Jay McClement in neutral zone.
3:50 of 1st period - Icing by Matt Irwin.
3:51 of 1st period - Jay McClement wins face-off versus Paul Stastny in Blues zone.
3:51 of 1st period - Jay McClement is hit by Evander Kane.
4:16 of 1st period - Shot by Paul Stastny.
4:16 of 1st period - Shot Blocked by Tyson Strachan.
4:23 of 1st period - Jiri Hudler is hit by Aaron Ekblad and loses puck.
4:33 of 1st period - Jiri Hudler is hit by Aaron Ekblad and loses puck.
5:17 of 1st period - Icing by Jussi Jokinen.
5:18 of 1st period - Jiri Hudler wins face-off versus Chris Tierney in Blues zone.
5:20 of 1st period - Matt Carle is hit by Joffrey Lupul.
5:57 of 1st period - Shot by Chris Tierney.
5:57 of 1st period - Stopped by Antti Niemi with a rebound.
5:59 of 1st period - Shot by Nick Holden.
5:59 of 1st period - Shot Blocked by Matt Carle.
6:20 of 1st period - Icing by Johnny Boychuk.
6:21 of 1st period - Paul Stastny wins face-off versus Mike Fisher in Blues zone.
6:32 of 1st period - Kevin Shattenkirk is hit by Mike Fisher.
6:54 of 1st period - Shot by Mike Fisher.
6:54 of 1st period - Deflect By Rick Nash.
6:54 of 1st period - Shot Hit the Post.
6:56 of 1st period - Shot by Mike Fisher.
6:56 of 1st period - Shot Misses the Net.
6:58 of 1st period - Shot by Mike Fisher.
6:58 of 1st period - Stopped by Antti Raanta without a rebound.
6:59 of 1st period - Jay McClement wins face-off versus Derek Stepan in Avalanche zone.
7:14 of 1st period - Shot by Lee Stempniak.
7:14 of 1st period - Stopped by Antti Raanta without a rebound.
7:15 of 1st period - Elias Lindholm wins face-off versus Joakim Andersson in Avalanche zone.
7:20 of 1st period - Shot by Jesper Fast.
7:20 of 1st period - Stopped by Antti Niemi with a rebound.
8:22 of 1st period - Shot by Marian Hossa.
8:22 of 1st period - Stopped by Antti Raanta without a rebound.
8:23 of 1st period - Jay McClement wins face-off versus Paul Stastny in Avalanche zone.
8:36 of 1st period - Shot by Mats Zuccarello.
8:36 of 1st period - Deflect By Paul Stastny.
8:36 of 1st period - Shot Misses the Net.
8:38 of 1st period - Shot by Paul Stastny.
8:38 of 1st period - Shot Misses the Net.
8:40 of 1st period - Shot by Aaron Ekblad.
8:40 of 1st period - Shot Blocked by Clarke MacArthur.
8:45 of 1st period - Evander Kane is hit by Johnny Boychuk and loses puck.
8:52 of 1st period - Shot by Mats Zuccarello.
8:52 of 1st period - Stopped by Antti Niemi without a rebound.
8:53 of 1st period - Marian Hossa wins face-off versus Rickard Rakell in Blues zone.
8:55 of 1st period - Icing by Tyson Strachan.
8:56 of 1st period - Mike Fisher wins face-off versus Rickard Rakell in Blues zone.
9:10 of 1st period - Jason Zucker is hit by Tyson Strachan and loses puck.
9:21 of 1st period - Shot by Jason Zucker.
9:21 of 1st period - Stopped by Antti Niemi without a rebound.
9:22 of 1st period - Jay McClement wins face-off versus Chris Tierney in Blues zone.
11:22 of 1st period - Shot by Jiri Hudler.
11:22 of 1st period - Shot Misses the Net.
11:48 of 1st period - Shot by Paul Stastny.
11:48 of 1st period - Shot Blocked by Tyson Strachan.
12:06 of 1st period - Shot by Elias Lindholm.
12:06 of 1st period - Shot Blocked by Matt Carle.
12:12 of 1st period - Shot by Elias Lindholm.
12:12 of 1st period - Shot Blocked by Tyson Strachan.
12:32 of 1st period - Shot by Matthew Nieto.
12:32 of 1st period - Stopped by Antti Niemi without a rebound.
12:33 of 1st period - Jay McClement wins face-off versus Chris Tierney in Blues zone.
12:58 of 1st period - Tyson Barrie is hit by Lee Stempniak and loses puck.
13:07 of 1st period - Shot by Tyson Barrie.
13:07 of 1st period - Shot Misses the Net.
13:25 of 1st period - Shot by Rickard Rakell.
13:25 of 1st period - Stopped by Antti Niemi without a rebound.
13:26 of 1st period - Paul Stastny wins face-off versus Mike Fisher in Blues zone.
13:26 of 1st period - Paul Stastny is hit by Johnny Boychuk.
13:40 of 1st period - Aaron Ekblad is hit by Mike Fisher and loses puck.
13:49 of 1st period - Shot by Rick Nash.
13:49 of 1st period - Deflect By Marian Hossa.
13:49 of 1st period - Shot Hit the Post.
13:53 of 1st period - Shot by Mike Fisher.
13:53 of 1st period - Deflect By Marian Hossa.
13:53 of 1st period - Shot Misses the Net.
14:32 of 1st period - Shot by Rob Klinkhammer.
14:32 of 1st period - Shot Misses the Net.
14:40 of 1st period - Shot by Rob Klinkhammer.
14:40 of 1st period - Stopped by Antti Raanta with a rebound.
14:42 of 1st period - Shot by Matt Carle.
14:42 of 1st period - Stopped by Antti Raanta without a rebound.
14:43 of 1st period - Jay McClement wins face-off versus Rickard Rakell in Avalanche zone.
14:46 of 1st period - Shot by Matt Irwin.
14:46 of 1st period - Shot Misses the Net.
14:48 of 1st period - Shot by Mike Weaver.
14:48 of 1st period - Stopped by Antti Raanta without a rebound.
14:49 of 1st period - Rickard Rakell wins face-off versus Jiri Hudler in Avalanche zone.
14:54 of 1st period - Shot by Jason Zucker.
14:54 of 1st period - Shot Blocked by Mike Weaver.
15:21 of 1st period - Jussi Jokinen is hit by Nick Holden and loses puck.
15:31 of 1st period - Minor Penalty to Luke Schenn for Hooking.
15:32 of 1st period - Paul Stastny wins face-off versus Rick Nash in Avalanche zone.
16:45 of 1st period - Shot by Lee Stempniak.
16:45 of 1st period - Shot Misses the Net.
16:49 of 1st period - Shot by Michael Raffl.
16:49 of 1st period - Shot Misses the Net.
16:51 of 1st period - Shot by Michael Raffl.
16:51 of 1st period - Shot Misses the Net.
16:55 of 1st period - Shot by Michael Raffl.
16:55 of 1st period - Stopped by Antti Raanta without a rebound.
16:56 of 1st period - Rickard Rakell wins face-off versus Jiri Hudler in Avalanche zone.
17:11 of 1st period - Shot by Jiri Hudler.
17:11 of 1st period - Shot Blocked by Sami Vatanen.
17:13 of 1st period - Shot by Tyson Strachan.
17:13 of 1st period - Shot Misses the Net.
17:15 of 1st period - Shot by Michael Raffl.
17:15 of 1st period - Stopped by Antti Raanta without a rebound.
17:16 of 1st period - Mike Fisher wins face-off versus Rickard Rakell in Avalanche zone.
18:05 of 1st period - Shot by Joakim Andersson.
18:05 of 1st period - Shot Misses the Net.
18:07 of 1st period - Shot by Rob Klinkhammer.
18:07 of 1st period - Stopped by Antti Raanta with a rebound.
18:53 of 1st period - Johnny Boychuk is hit by Derek Stepan and loses puck.
19:38 of 1st period - Shot by Rick Nash.
19:38 of 1st period - Shot Misses the Net.
19:40 of 1st period - Shot by Mike Fisher.
19:40 of 1st period - Stopped by Antti Raanta with a rebound.
19:44 of 1st period - Shot by Rick Nash.
19:44 of 1st period - Goal by Rick Nash - Avalanche : 0 - Blues : 2.
19:45 of 1st period - Jiri Hudler wins face-off versus Elias Lindholm in neutral zone.
Goals for this period are 0 for Avalanche vs 2 for Blues.
Shots for this period are 7 for Avalanche vs 14 for Blues.

2nd period


0:01 of 2nd period - Rickard Rakell wins face-off versus Mike Fisher in neutral zone.
0:05 of 2nd period - Icing by Mike Fisher.
0:06 of 2nd period - Mike Fisher wins face-off versus Derek Stepan in Blues zone.
0:16 of 2nd period - Icing by Carl Gunnarsson.
0:17 of 2nd period - Elias Lindholm wins face-off versus Mike Fisher in Blues zone.
0:21 of 2nd period - Matthew Nieto is hit by Johnny Boychuk and loses puck.
0:32 of 2nd period - Tyson Barrie is hit by Mike Fisher and loses puck.
0:57 of 2nd period - Shot by Elias Lindholm.
0:57 of 2nd period - Deflect By Jesper Fast.
0:57 of 2nd period - Stopped by Antti Niemi without a rebound.
0:58 of 2nd period - Rickard Rakell wins face-off versus Jiri Hudler in Blues zone.
0:58 of 2nd period - Jason Zucker is hit by Tyson Strachan and loses puck.
1:02 of 2nd period - Icing by Matt Carle.
1:03 of 2nd period - Jiri Hudler wins face-off versus Rickard Rakell in Blues zone.
1:13 of 2nd period - Off-side.
1:14 of 2nd period - Jay McClement wins face-off versus Evander Kane in neutral zone.
1:16 of 2nd period - Off-side.
1:17 of 2nd period - Rickard Rakell wins face-off versus Jay McClement in neutral zone.
2:16 of 2nd period - Icing by Marian Hossa.
2:17 of 2nd period - Paul Stastny wins face-off versus Mike Fisher in Blues zone.
2:55 of 2nd period - Shot by Mats Zuccarello.
2:55 of 2nd period - Deflect By Paul Stastny.
2:55 of 2nd period - Shot Misses the Net.
2:57 of 2nd period - Shot by Paul Stastny.
2:57 of 2nd period - Stopped by Antti Niemi without a rebound.
2:58 of 2nd period - Chris Tierney wins face-off versus Jiri Hudler in Blues zone.
2:58 of 2nd period - Aaron Ekblad is hit by Johnny Boychuk and loses puck.
3:11 of 2nd period - Shot by Jussi Jokinen.
3:11 of 2nd period - Shot Blocked by Kevin Shattenkirk.
3:13 of 2nd period - Shot by Carl Gunnarsson.
3:13 of 2nd period - Stopped by Antti Raanta with a rebound.
3:27 of 2nd period - Shot by Michael Raffl.
3:27 of 2nd period - Goal by Michael Raffl - Avalanche : 0 - Blues : 3.
3:28 of 2nd period - Jay McClement wins face-off versus Rickard Rakell in neutral zone.
3:48 of 2nd period - Jason Zucker is hit by Matt Carle and loses puck.
4:09 of 2nd period - Shot by Clarke MacArthur.
4:09 of 2nd period - Stopped by Antti Raanta with a rebound.
4:21 of 2nd period - Icing by Jason Zucker.
4:22 of 2nd period - Rickard Rakell wins face-off versus Jiri Hudler in Avalanche zone.
4:24 of 2nd period - Sami Vatanen is hit by Michael Raffl and loses puck.
4:36 of 2nd period - Icing by Jussi Jokinen.
4:37 of 2nd period - Jussi Jokinen wins face-off versus Paul Stastny in Blues zone.
5:59 of 2nd period - Shot by Joffrey Lupul.
5:59 of 2nd period - Shot Misses the Net.
6:01 of 2nd period - Shot by Joffrey Lupul.
6:01 of 2nd period - Shot Blocked by Matt Irwin.
7:01 of 2nd period - Clarke MacArthur is hit by Kevin Shattenkirk.
7:17 of 2nd period - Aaron Ekblad is hit by Michael Raffl and loses puck.
8:05 of 2nd period - Icing by Jiri Hudler.
8:06 of 2nd period - Paul Stastny wins face-off versus Jiri Hudler in Blues zone.
8:11 of 2nd period - Shot by Paul Stastny.
8:11 of 2nd period - Stopped by Antti Niemi without a rebound.
8:12 of 2nd period - Paul Stastny wins face-off versus Mike Fisher in Blues zone.
8:23 of 2nd period - Shot by Paul Stastny.
8:23 of 2nd period - Stopped by Antti Niemi without a rebound.
8:24 of 2nd period - Paul Stastny wins face-off versus Jay McClement in Blues zone.
8:37 of 2nd period - Shot by Mats Zuccarello.
8:37 of 2nd period - Shot Misses the Net.
8:39 of 2nd period - Shot by Mats Zuccarello.
8:39 of 2nd period - Stopped by Antti Niemi without a rebound.
8:40 of 2nd period - Rickard Rakell wins face-off versus Rick Nash in Blues zone.
8:40 of 2nd period - Derek Stepan is hit by Matt Irwin and loses puck.
8:54 of 2nd period - Shot by Rick Nash.
8:54 of 2nd period - Stopped by Antti Raanta without a rebound.
8:55 of 2nd period - Paul Stastny wins face-off versus Jiri Hudler in Avalanche zone.
9:06 of 2nd period - Shot by Jussi Jokinen.
9:06 of 2nd period - Stopped by Antti Raanta without a rebound.
9:07 of 2nd period - Mike Fisher wins face-off versus Rickard Rakell in Avalanche zone.
9:14 of 2nd period - Luke Schenn is hit by Mike Fisher and loses puck.
9:47 of 2nd period - Shot by Rick Nash.
9:47 of 2nd period - Shot Misses the Net.
10:17 of 2nd period - Matthew Nieto is hit by Michael Raffl and loses puck.
11:08 of 2nd period - Shot by Clarke MacArthur.
11:08 of 2nd period - Shot Hit the Post.
11:10 of 2nd period - Shot by Jay McClement.
11:10 of 2nd period - Shot Misses the Net.
11:12 of 2nd period - Shot by Johnny Boychuk.
11:12 of 2nd period - Shot Misses the Net.
11:14 of 2nd period - Shot by Carl Gunnarsson.
11:14 of 2nd period - Shot Blocked by Aaron Ekblad.
11:16 of 2nd period - Shot by Johnny Boychuk.
11:16 of 2nd period - Deflect By Clarke MacArthur.
11:16 of 2nd period - Stopped by Antti Raanta without a rebound.
11:17 of 2nd period - Joakim Andersson wins face-off versus Paul Stastny in Avalanche zone.
11:34 of 2nd period - Evander Kane is hit by Tyson Strachan and loses puck.
12:15 of 2nd period - Shot by Nick Holden.
12:15 of 2nd period - Shot Misses the Net.
12:35 of 2nd period - Icing by Carl Gunnarsson.
12:36 of 2nd period - Chris Tierney wins face-off versus Mike Fisher in Blues zone.
13:10 of 2nd period - Shot by Elias Lindholm.
13:10 of 2nd period - Stopped by Antti Niemi without a rebound.
13:11 of 2nd period - Paul Stastny wins face-off versus Jiri Hudler in Blues zone.
13:14 of 2nd period - Shot by Paul Stastny.
13:14 of 2nd period - Stopped by Antti Niemi with a rebound.
13:27 of 2nd period - Shot by Jussi Jokinen.
13:27 of 2nd period - Stopped by Antti Raanta with a rebound.
14:26 of 2nd period - Shot by Clarke MacArthur.
14:26 of 2nd period - Shot Misses the Net.
14:40 of 2nd period - Shot by Jay McClement.
14:40 of 2nd period - Stopped by Antti Raanta without a rebound.
14:41 of 2nd period - Elias Lindholm wins face-off versus Mike Fisher in Avalanche zone.
14:55 of 2nd period - Minor Penalty to Jesper Fast for Hooking.
14:56 of 2nd period - Mike Fisher wins face-off versus Rickard Rakell in Avalanche zone.
15:17 of 2nd period - Shot by Marian Hossa.
15:17 of 2nd period - Deflect By Rick Nash.
15:17 of 2nd period - Stopped by Antti Raanta without a rebound.
15:18 of 2nd period - Rickard Rakell wins face-off versus Michael Raffl in Avalanche zone.
16:07 of 2nd period - Kevin Shattenkirk is hit by Michael Raffl.
16:22 of 2nd period - Off-side.
16:23 of 2nd period - Rickard Rakell wins face-off versus Mike Fisher in neutral zone.
17:30 of 2nd period - Elias Lindholm is hit by Mike Weaver and loses puck.
17:38 of 2nd period - Elias Lindholm is hit by Mike Weaver and loses puck.
17:46 of 2nd period - Icing by Mike Weaver.
17:47 of 2nd period - Evander Kane wins face-off versus Joakim Andersson in Blues zone.
18:38 of 2nd period - Matt Irwin is hit by Rickard Rakell and loses puck.
19:05 of 2nd period - Icing by Cal Clutterbuck.
19:06 of 2nd period - Chris Tierney wins face-off versus Joakim Andersson in Blues zone.
19:06 of 2nd period - Chris Tierney is hit by Mike Weaver.
19:08 of 2nd period - Shot by Elias Lindholm.
19:08 of 2nd period - Shot Misses the Net.
19:12 of 2nd period - Shot by Chris Tierney.
19:12 of 2nd period - Goal by Chris Tierney - Avalanche : 1 - Blues : 3.
19:13 of 2nd period - Mike Fisher wins face-off versus Chris Tierney in neutral zone.
19:18 of 2nd period - Elias Lindholm is hit by Mike Fisher and loses puck.
19:36 of 2nd period - Shot by Marian Hossa.
19:36 of 2nd period - Shot Misses the Net.
19:42 of 2nd period - Shot by Mike Fisher.
19:42 of 2nd period - Shot Misses the Net.
19:44 of 2nd period - Shot by Marian Hossa.
19:44 of 2nd period - Shot Blocked by Nick Holden.
19:46 of 2nd period - Shot by Marian Hossa.
19:46 of 2nd period - Deflect By Rick Nash.
19:46 of 2nd period - Stopped by Antti Raanta without a rebound.
19:47 of 2nd period - Jiri Hudler wins face-off versus Rickard Rakell in Avalanche zone.
19:52 of 2nd period - Shot by Jussi Jokinen.
19:52 of 2nd period - Deflect By Jiri Hudler.
19:52 of 2nd period - Stopped by Antti Raanta without a rebound.
19:53 of 2nd period - Jiri Hudler wins face-off versus Rickard Rakell in Avalanche zone.
19:54 of 2nd period - Shot by Jussi Jokinen.
19:54 of 2nd period - Shot Misses the Net.
Goals for this period are 1 for Avalanche vs 1 for Blues.
Shots for this period are 8 for Avalanche vs 11 for Blues.

3rd period


0:01 of 3rd period - Jay McClement wins face-off versus Rickard Rakell in neutral zone.
0:20 of 3rd period - Shot by Sami Vatanen.
0:20 of 3rd period - Shot Blocked by Carl Gunnarsson.
1:19 of 3rd period - Icing by Tyson Strachan.
1:20 of 3rd period - Elias Lindholm wins face-off versus Jiri Hudler in Blues zone.
2:11 of 3rd period - Icing by Mike Weaver.
2:12 of 3rd period - Mike Fisher wins face-off versus Paul Stastny in Blues zone.
2:12 of 3rd period - Mike Fisher is hit by Evander Kane.
2:18 of 3rd period - Kevin Shattenkirk is hit by Mike Fisher and loses puck.
2:40 of 3rd period - Minor Penalty to Aaron Ekblad for Hooking.
2:41 of 3rd period - Rickard Rakell wins face-off versus Mike Fisher in Avalanche zone.
2:41 of 3rd period - Rickard Rakell is hit by Mike Fisher.
4:04 of 3rd period - Shot by Matt Carle.
4:04 of 3rd period - Shot Misses the Net.
4:06 of 3rd period - Shot by Johnny Boychuk.
4:06 of 3rd period - Shot Misses the Net.
4:11 of 3rd period - Shot by Marian Hossa.
4:11 of 3rd period - Shot Misses the Net.
4:50 of 3rd period - Icing by Nick Holden.
4:51 of 3rd period - Jay McClement wins face-off versus Elias Lindholm in Avalanche zone.
5:03 of 3rd period - Icing by Elias Lindholm.
5:04 of 3rd period - Joakim Andersson wins face-off versus Elias Lindholm in Avalanche zone.
6:27 of 3rd period - Off-side.
6:28 of 3rd period - Paul Stastny wins face-off versus Mike Fisher in neutral zone.
6:28 of 3rd period - Kevin Shattenkirk is hit by Mike Fisher and loses puck.
6:45 of 3rd period - Shot by Rick Nash.
6:45 of 3rd period - Shot Hit the Post.
6:55 of 3rd period - Shot by Marian Hossa.
6:55 of 3rd period - Deflect By Mike Fisher.
6:55 of 3rd period - Stopped by Antti Raanta with a rebound.
7:05 of 3rd period - Shot by Mike Fisher.
7:05 of 3rd period - Stopped by Antti Raanta without a rebound.
7:06 of 3rd period - Chris Tierney wins face-off versus Jiri Hudler in Avalanche zone.
7:31 of 3rd period - Minor Penalty to Nick Holden for Tripping.
7:32 of 3rd period - Rick Nash wins face-off versus Paul Stastny in Avalanche zone.
8:05 of 3rd period - Shot by Rick Nash.
8:05 of 3rd period - Shot Misses the Net.
8:19 of 3rd period - Tyson Barrie is hit by Michael Raffl and loses puck.
8:32 of 3rd period - Shot by Tyson Strachan.
8:32 of 3rd period - Shot Blocked by Tyson Barrie.
8:34 of 3rd period - Shot by Michael Raffl.
8:34 of 3rd period - Shot Blocked by Tyson Barrie.
8:42 of 3rd period - Shot by Matt Irwin.
8:42 of 3rd period - Shot Misses the Net.
8:44 of 3rd period - Shot by Tyson Strachan.
8:44 of 3rd period - Stopped by Antti Raanta without a rebound.
8:45 of 3rd period - Rickard Rakell wins face-off versus Mike Fisher in Avalanche zone.
8:55 of 3rd period - Minor Penalty to Evander Kane for Hooking.
8:56 of 3rd period - Jiri Hudler wins face-off versus Joffrey Lupul in Avalanche zone.
9:17 of 3rd period - Shot by Joffrey Lupul.
9:17 of 3rd period - Stopped by Antti Niemi without a rebound.
9:18 of 3rd period - Mike Fisher wins face-off versus Joffrey Lupul in Blues zone.
9:33 of 3rd period - Shot by Rick Nash.
9:33 of 3rd period - Shot Blocked by Tyson Barrie.
9:57 of 3rd period - Shot by Mike Fisher.
9:57 of 3rd period - Shot Misses the Net.
10:34 of 3rd period - Shot by Matt Carle.
10:34 of 3rd period - Stopped by Antti Raanta without a rebound.
10:35 of 3rd period - Paul Stastny wins face-off versus Mike Fisher in Avalanche zone.
11:19 of 3rd period - Icing by Matt Irwin.
11:20 of 3rd period - Joakim Andersson wins face-off versus Rickard Rakell in Blues zone.
11:39 of 3rd period - Shot by Derek Stepan.
11:39 of 3rd period - Shot Misses the Net.
11:41 of 3rd period - Shot by Kevin Shattenkirk.
11:41 of 3rd period - Stopped by Antti Niemi without a rebound.
11:42 of 3rd period - Mike Fisher wins face-off versus Paul Stastny in Blues zone.
11:53 of 3rd period - Shot by Marian Hossa.
11:53 of 3rd period - Goal by Marian Hossa - Avalanche : 1 - Blues : 4.
11:54 of 3rd period - Clarke MacArthur wins face-off versus Elias Lindholm in neutral zone.
11:56 of 3rd period - Johnny Boychuk is hit by Elias Lindholm and loses puck.
13:03 of 3rd period - Shot by Derek Stepan.
13:03 of 3rd period - Stopped by Antti Niemi without a rebound.
13:04 of 3rd period - Mike Fisher wins face-off versus Paul Stastny in Blues zone.
13:25 of 3rd period - Shot by Mike Fisher.
13:25 of 3rd period - Stopped by Antti Raanta without a rebound.
13:26 of 3rd period - Rickard Rakell wins face-off versus Jiri Hudler in Avalanche zone.
13:41 of 3rd period - Shot by Jason Zucker.
13:41 of 3rd period - Stopped by Antti Niemi without a rebound.
13:42 of 3rd period - Mike Fisher wins face-off versus Paul Stastny in Blues zone.
14:21 of 3rd period - Shot by Mats Zuccarello.
14:21 of 3rd period - Stopped by Antti Niemi without a rebound.
14:22 of 3rd period - Jiri Hudler wins face-off versus Rickard Rakell in Blues zone.
14:59 of 3rd period - Shot by Derek Stepan.
14:59 of 3rd period - Shot Misses the Net.
15:01 of 3rd period - Shot by Rickard Rakell.
15:01 of 3rd period - Shot Blocked by Jiri Hudler.
15:03 of 3rd period - Shot by Derek Stepan.
15:03 of 3rd period - Shot Misses the Net.
15:23 of 3rd period - Matt Irwin is hit by Joffrey Lupul and loses puck.
15:58 of 3rd period - Shot by Clarke MacArthur.
15:58 of 3rd period - Deflect By Lee Stempniak.
15:58 of 3rd period - Stopped by Antti Raanta without a rebound.
15:59 of 3rd period - Mike Fisher wins face-off versus Mats Zuccarello in Avalanche zone.
16:03 of 3rd period - Icing by Sami Vatanen.
16:04 of 3rd period - Marian Hossa wins face-off versus Evander Kane in Avalanche zone.
16:07 of 3rd period - Shot by Rick Nash.
16:07 of 3rd period - Stopped by Antti Raanta with a rebound.
16:12 of 3rd period - Minor Penalty to Mike Fisher for Roughing.
16:13 of 3rd period - Michael Raffl wins face-off versus Derek Stepan in Blues zone.
16:46 of 3rd period - Shot by Clarke MacArthur.
16:46 of 3rd period - Shot Misses the Net.
16:54 of 3rd period - Matt Irwin is hit by Evander Kane and loses puck.
17:13 of 3rd period - Shot by Matt Carle.
17:13 of 3rd period - Stopped by Antti Raanta without a rebound.
17:14 of 3rd period - Paul Stastny wins face-off versus Jay McClement in Avalanche zone.
17:25 of 3rd period - Shot by Mats Zuccarello.
17:25 of 3rd period - Shot Misses the Net.
17:39 of 3rd period - Shot by Paul Stastny.
17:39 of 3rd period - Stopped by Antti Niemi without a rebound.
17:40 of 3rd period - Derek Stepan wins face-off versus Michael Raffl in Blues zone.
17:57 of 3rd period - Shot by Jason Zucker.
17:57 of 3rd period - Shot Misses the Net.
17:59 of 3rd period - Shot by Kevin Shattenkirk.
17:59 of 3rd period - Shot Blocked by Matt Carle.
18:07 of 3rd period - Shot by Aaron Ekblad.
18:07 of 3rd period - Deflect By Jason Zucker.
18:07 of 3rd period - Stopped by Antti Niemi without a rebound.
18:08 of 3rd period - Mats Zuccarello wins face-off versus Jay McClement in Blues zone.
18:18 of 3rd period - Luke Schenn is hit by Matt Irwin and loses puck.
18:24 of 3rd period - Icing by Joakim Andersson.
18:25 of 3rd period - Joakim Andersson wins face-off versus Elias Lindholm in Blues zone.
18:32 of 3rd period - Shot by Cal Clutterbuck.
18:32 of 3rd period - Shot Hit the Post.
18:34 of 3rd period - Shot by Cal Clutterbuck.
18:34 of 3rd period - Shot Misses the Net.
18:36 of 3rd period - Shot by Rob Klinkhammer.
18:36 of 3rd period - Stopped by Antti Raanta without a rebound.
18:37 of 3rd period - Jay McClement wins face-off versus Rickard Rakell in Avalanche zone.
19:12 of 3rd period - Shot by Clarke MacArthur.
19:12 of 3rd period - Stopped by Antti Raanta without a rebound.
19:13 of 3rd period - Paul Stastny wins face-off versus Mike Fisher in Avalanche zone.
19:40 of 3rd period - Shot by Johnny Boychuk.
19:40 of 3rd period - Stopped by Antti Raanta with a rebound.
Goals for this period are 0 for Avalanche vs 1 for Blues.
Shots for this period are 7 for Avalanche vs 12 for Blues.